 Dungeon Crawl Stone Soup version 0.30.1-11-g7821555f0a (webtiles) character file.

Game seed: 18217507472565704889

288510 jagang the Barachian Blade (level 21, -11/183 HPs)
             Began as a Barachi Monk on Nov 6, 2023.
             Was the Champion of the Shining One.
             Killed from afar by a hellephant (97 damage)
             ... with a blast of flame
             ... on level 1 of the Depths on Nov 8, 2023.
             The game lasted 03:18:29 (36214 turns).

jagang the Barachian Blade (Barachi Monk)          Turns: 36214, Time: 03:18:29

Health: -11/183    AC: 44    Str: 16    XL:     21   Next: 9%
Magic:  24/30      EV: 16    Int: 11    God:    the Shining One [******]
Gold:   1572       SH: 33    Dex: 39    Spells: 20/20 levels left

rFire   x . .        l - +4 scimitar (holy)
rCold   + + .        e - +8 tower shield
rNeg    + + +        X - +15 Maxwell's patent armour {-Cast -Tele rElec Will+ rCorr}
rPois   +            x - +1 helmet
rElec   +            j - +2 cloak
rCorr   +            V - +1 pair of gloves "Uzazumel" {Str-2 Dex+3 Slay+2 SInv}
SInv    +            D - +0 pair of boots of Dyspraxia {Str+4}
Will    +++..        J - amulet of Quunoik {rC+ Regen+ rCorr} Stlth
                     C - +6 ring of dexterity
HPRegen 1.30/turn    u - +6 ring of dexterity
MPRegen 0.22/turn

%: no teleportation, no spellcasting
@: glowing, slow
A: amphibious, slowness 1, strong legs 2, +LOS, cold resistance 1, strong-willed
1, passive freeze, poison resistance, (teleportitis 1), heat vulnerability 1,
MP-powered wands
}: 1/15 runes: decaying
a: Hop, Renounce Religion, Divine Shield, Cleansing Flame, Summon Divine
Warrior, Brand Weapon With Holy Wrath


You were on level 1 of the Depths.
You worshipped the Shining One.
The Shining One was exalted by your worship.
You visited 10 branches of the dungeon, and saw 35 of its levels.
You also visited: Sewer and Gauntlet.

You collected 5536 gold pieces.
You spent 3964 gold pieces at shops.

Inventory:

Hand Weapons
 l - a +4 scimitar of holy wrath (weapon)
 Z - a +3 scimitar of flaming
Missiles
 r - 4 datura-tipped darts
 T - 3 curare-tipped darts
 W - 2 javelins
Armour
 e - a +8 tower shield (worn)
 j - a +2 cloak (worn)
 x - a +1 helmet (worn)
 D - the +0 pair of boots of Dyspraxia (worn) {Str+4}
   (You found it in a Gauntlet)

   Str:       It affects your strength (+4).
 V - the +1 pair of gloves "Uzazumel" (worn) {Str-2 Dex+3 Slay+2 SInv}
   (You found it on level 2 of the Lair of Beasts)

   Str:       It affects your strength (-2).
   Dex:       It affects your dexterity (+3).
   Slay:      It affects your accuracy & damage with ranged weapons and melee
   (+2).
   SInv:      It lets you see invisible.
 X - the +15 Maxwell's patent armour (worn) {-Cast -Tele rElec Will+ rCorr}
   (You acquired it on level 3 of the Lair of Beasts)

   rElec:     It insulates you from electricity.
   -Cast:     It prevents spellcasting.
   -Tele:     It prevents most forms of teleportation.
   rCorr:     It protects you from acid and corrosion.
   Will:      It increases your willpower.
Jewellery
 m - a ring of protection from fire
 t - a ring of flight
 u - a +6 ring of dexterity (right hand)
 C - a +6 ring of dexterity (left hand)
 G - a ring of protection from cold
 J - the amulet of Quunoik (around neck) {rC+ Regen+ rCorr}
   (You bought it in a shop on level 1 of the Orcish Mines)

   [amulet of regeneration]

   rC:        It protects you from cold.
   Regen:     It increases your rate of health regeneration.
   rCorr:     It protects you from acid and corrosion.
Wands
 a - a wand of digging (19)
 o - a wand of charming (33)
 q - a wand of roots (27)
 s - a wand of mindburst (27) (quivered)
 y - a wand of flame (31)
 I - a wand of quicksilver (16)
 S - a wand of polymorph (14)
Scrolls
 b - a scroll of brand weapon
 f - 3 scrolls of butterflies
 w - a scroll of blinking
 A - a scroll of teleportation
 B - 5 scrolls of magic mapping
 E - 7 scrolls of vulnerability
 F - 2 scrolls of fog
 L - a scroll of poison
 M - 3 scrolls of enchant armour
 N - 5 scrolls of fear
 Q - 2 scrolls of immolation
 Y - 6 scrolls of silence
Potions
 c - a potion of ambrosia
 d - 8 potions of heal wounds
 g - 3 potions of haste
 h - 16 potions of curing
 i - 4 potions of might
 v - 6 potions of brilliance
 z - 3 potions of berserk rage
 O - 4 potions of resistance
 R - 3 potions of cancellation
Miscellaneous
 k - a lightning rod (4/4)
 H - a tin of tremorstones (2/2)
 P - a phial of floods
 U - a phantom mirror


   Skills:
 * Level 20.2 Fighting
 - Level 23.0 Long Blades
 - Level 7.7 Throwing
 + Level 18.5 Armour
 + Level 13.8 Dodging
 + Level 14.5 Shields
 + Level 12.7 Invocations
 + Level 8.7 Evocations


You had 20 spell levels left.
You didn't know any spells.
Your spell library contained the following spells:

 Spells                   Type           Power      Damage    Failure   Level
 Beastly Appendage        Tmut           0%         N/A       100%        1
 Foxfire                  Conj/Fire      0%         2x1d4     100%        1
 Kiss of Death            Conj/Necr      0%         2d5       100%        1
 Slow                     Hex            0%         N/A       100%        1
 Sting                    Tmut/Pois      0%         1d3       100%        1
 Poisonous Vapours        Pois/Air       0%         N/A       100%        2
 Sublimation of Blood     Necr           0%         N/A       100%        2
 Confusing Touch          Hex            0%         N/A       100%        3
 Frozen Ramparts          Ice            0%         1d1       100%        3
 Inner Flame              Hex/Fire       0%         N/A       100%        3
 Ozocubu's Armour         Ice            0%         N/A       100%        3
 Stone Arrow              Conj/Erth      0%         3d7       100%        3
 Vampiric Draining        Necr           0%         2d6       100%        3
 Animate Armour           Summ/Erth      0%         N/A       100%        4
 Flame Wave               Conj/Fire      0%         2d4       100%        4
 Ice Form                 Ice/Tmut       0%         N/A       100%        4
 Manifold Assault         Tloc           0%         N/A       100%        4
 Olgreb's Toxic Radiance  Pois           0%         N/A       100%        4
 Sticky Flame             Conj/Fire      0%         2d3       100%        4
 Summon Ice Beast         Ice/Summ       0%         N/A       100%        4
 Fireball                 Conj/Fire      0%         3d3       100%        5
 Iskenderun's Battlesphe  Conj           0%         2d6       100%        5
 Metabolic Englaciation   Hex/Ice        0%         N/A       100%        5
 Dispersal                Tloc           0%         N/A       100%        6
 Iron Shot                Conj/Erth      0%         9d1       100%        6
 Plasma Beam              Fire/Air       0%         2x1d11    100%        6
 Simulacrum               Ice/Necr       0%         N/A       100%        6
 Starburst                Conj/Fire      0%         6d3       100%        6
 Statue Form              Tmut/Erth      0%         N/A       100%        6
 Malign Gateway           Summ/Tloc      0%         N/A       100%        7
 Ozocubu's Refrigeration  Ice            0%         4d7       100%        7
 Spellforged Servitor     Conj/Summ      0%         N/A       100%        7
 Borgnjor's Revivificati  Necr           0%         N/A       100%        8
 Discord                  Hex            0%         N/A       100%        8
 Disjunction              Tloc           0%         N/A       100%        8
 Ignition                 Fire           0%         3d3       100%        8
 Infestation              Necr           0%         N/A       100%        8
 Lehudib's Crystal Spear  Conj/Erth      0%         10d2      100%        8
 Necromutation            Tmut/Necr      0%         N/A       100%        8
 Summon Horrible Things   Summ           0%         N/A       100%        8


Dungeon Overview and Level Annotations

Branches:
Dungeon (15/15)            Temple (1/1) D:7            Lair (5/5) D:10
  Swamp (4/4) Lair:3        Snake (0/4) Lair:3        Slime (0/5) Lair:4
    Orc (2/2) D:10            Elf (0/3) Orc:2        Vaults (2/5) D:14
  Crypt (3/3) Vaults:2       Tomb (1/3) Crypt:3      Depths (1/4) D:15
   Hell (visited)           Sewer (visited)         Gauntlet (visited)
    Dis: Hell:1         Geh: Hell:1         Coc: Hell:1         Tar: Hell:1

Altars:
Ashenzari
Cheibriados
Dithmenos
Elyvilon
Fedhas
Gozag
Hepliaklqana
Kikubaaqudgha
Makhleb
Nemelex Xobeh
Okawaru
Qazlal
Ru
Sif Muna
Trog
Uskayaw
Vehumet
Wu Jian
Xom
Yredelemnul
Zin
The Shining One

Shops:
Orc:1 (==   Orc:2 *!(=   Vaults:1 [

Portals:
Hell: Depths:1
Pandemonium: Depths:1

Annotations:
Hell Geryon


Innate Abilities, Weirdness & Mutations

You are amphibious.
You cover ground slowly.
You can hop long distances.
You have an extended range of vision and can be seen from far away.
Your flesh is cold resistant. (rC+)
You are strong-willed. (Will+)
A frigid envelope surrounds you and freezes all who hurt you.
Your system is resistant to poisons. (rPois)
((You are occasionally teleported next to monsters.))
You are vulnerable to heat. (rF-)
You expend magic power (3 MP) to strengthen your wands.


Message History

The hellephant is moderately wounded.
You block the lorocyproca's attack. You block the hellephant's attack.
The hellephant bites you but does no damage.
The hellephant is very cold.
The hellephant is moderately wounded.
The hellephant gores you but does no damage.
The hellephant is very cold.
The hellephant is moderately wounded.
You completely miss the lorocyproca.
The lorocyproca is heavily wounded.
You hit the lorocyproca but do no damage.
The lorocyproca is heavily wounded.
You block the lorocyproca's attack. You block the hellephant's attack. x3
You hit the lorocyproca.
The lorocyproca convulses.
The lorocyproca is heavily wounded.
You block the lorocyproca's attack.
The hellephant blinks!
You slice the lorocyproca!!
The lorocyproca convulses!!
You kill the lorocyproca!
The Shining One accepts your kill.
You feel better.
You feel your power returning. The hellephant breathes flames at you.
The blast of flame hits you!!! The fire burns you terribly!
Things that are here:
a hell rat corpse; a hell rat corpse The hellephant blinks!
You see here a +0 helmet.
The hellephant breathes flames at you. The blast of flame hits you!!!!
The fire burns you terribly!
The hellephant blinks!
Aiming: Mindburst
Press: ? - help, Q - select action, (/) - cycle Shift-Dir - straight line, f - hellephant
Aim: a hellephant (moderately wounded, catching its breath, haloed, chance to affect: 10%)
You feel a surge of power!
The hellephant resists with almost no effort.
The hellephant blinks!
A hellephant is nearby!
The hellephant breathes flames at you. The blast of flame hits you!!!!
The fire burns you terribly!
Ouch! That really hurt!
You die...

##'### #.##........)........#..#
.#...####.......+........##.#..#.
......#.'.......##............#..
#.....'.########..+.##.....#.#..#
.##.######.....######....#'#.....
...#####.........###....##.....##
#### #....8...8....#..###..###.#
##.8.........8.##'#........#
#.......8...@...#....♣♣♣...#
##....8.....8....##..♣# #♣..#
#..8.§..§§§....8..#..♣ ♣.##
####.......†Y§[......#..♣# #♣.#
..'#....8.Y§§†).8........♣♣♣..#
.###.(......§§§...............#
##.#..8.....§§....8..#.....######
...##....8..§§.8....#(...........
....#.......8.......#............


You could see a hellephant (catching breath).

Vanquished Creatures
  A dread lich (Crypt:3)
  Khufu (Crypt:1)
  A royal mummy (Crypt:1)
  3 bone dragons
  A shard shrike zombie (Crypt:3)
  Jorgrun (Swamp:1)
  Zenata (Vaults:2)
  3 liches
  The ghost of eliilek the Slayer, an adept MiFi of Gozag (Swamp:4)
  6 ancient champions
  2 sphinxes
  A thorn hunter (Swamp:3)
  Gastronok (D:10)
  Roxanne (Swamp:1)
  3 vault wardens
  2 fire giants (Depths:1)
  A revenant (Crypt:1)
  10 ghouls
  2 balrugs (Depths:1)
  A cacodemon (Depths:1)
  3 very ugly things (Depths:1)
  2 ironbound preservers
  A juggernaut skeleton (Crypt:3)
  3 ironbound thunderhulks (Vaults:2)
  2 caustic shrike skeletons (Crypt:3)
  7 stone giants
  3 eleionomae
  A lorocyproca (Depths:1)
  10 vampire knights
  A minotaur (Gauntlet)
  A deep elf annihilator (Vaults:2)
  2 bunyips
  2 dire elephants
  4 eidola
  A green death (Depths:1)
  An entropy weaver (shapeshifter) (D:15)
  2 deep elf death magi
  11 jiangshi
  2 shambling mangroves
  A fire dragon (Depths:1)
  10 vault guards
  An entropy weaver (Vaults:1)
  2 great orbs of eyes (Vaults:2)
  4 yaktaur captains
  A spriggan zombie (Crypt:1)
  A quicksilver dragon skeleton (Crypt:3)
  Harold (D:11)
  A hell beast (Depths:1)
  The ghost of HilariousDeathArtist the Fighter, a journeyman VSBe of Trog (D:13)
  An elf skeleton (Crypt:1)
  5 spriggan skeletons (Crypt:3)
  2 ironbound frosthearts (Vaults:1)
  8 hydras
  3 ice dragons
  3 ghost crabs
  9 two-headed ogres
  7 boulder beetles
  4 alligators
  Erica (D:8)
  An ogre mage (D:15)
  13 centaur warriors
  5 catoblepae
  A death yak (Lair:5)
  An azure jelly zombie (Crypt:1)
  2 death scarabs (Tomb:1)
  2 tengu warriors
  An orc high priest (Orc:2)
  A deep troll earth mage (Depths:1)
  6 sun demons (Depths:1)
  7 vampire magi
  3 soul eaters
  5 spriggans
  53 skeletal warriors
  A skyshark (Lair:4)
  Nergalle (D:11)
  A deep elf knight (D:13)
  Sonja (D:11)
  3 titan skeletons
  A fire crab (shapeshifter) (D:13)
  A shadow wraith (Crypt:3)
  An iron troll (Depths:1)
  2 spriggan druids
  3 sixfirhies (Depths:1)
  8 goliath frogs
  17 swamp dragons
  9 deep trolls
  A glowing orange brain (Depths:1)
  3 flayed ghosts
  14 bog bodies
  A spectral hydra (Swamp:4)
  17 phantasmal warriors
  An anaconda skeleton (Crypt:3)
  An obsidian statue (Depths:1)
  9 ironbound convokers
  2 bunyip skeletons
  2 wizards (Vaults:2)
  8 harpies (Vaults:2)
  2 lindwurms
  11 orc knights
  A deep elf pyromancer (D:15)
  7 oklob plants
  4 necromancers
  2 wolf spiders
  A draconian zombie (Crypt:1)
  2 orc sorcerers (Orc:1)
  19 ugly things
  3 iron dragon skeletons (Crypt:3)
  A salamander (Depths:1)
  A will-o-the-wisp (Swamp:1)
  2 cyclopes
  3 manticores
  9 elephants (Lair:5)
  A shock serpent zombie (Crypt:3)
  20 black mambas
  5 vault sentinels (Vaults:2)
  4 gargoyles
  A guardian serpent (Lair:5)
  A smoke demon (Depths:1)
  4 centaur skeletons
  13 cane toads
  A rime drake (shapeshifter) (D:13)
  7 torpor snails
  A hellion (Depths:1)
  A swamp worm zombie (Swamp:4)
  4 rime drakes
  9 yaktaurs
  A kobold demonologist (D:9)
  3 efreet
  2 dire elephant skeletons (Crypt:3)
  A sea snake skeleton (Crypt:3)
  5 tengu conjurers
  Maggie (D:6)
  5 komodo dragons
  An alligator snapping turtle skeleton (Crypt:3)
  An unseen horror skeleton (Crypt:1)
  4 freezing wraiths
  2 guardian mummies
  5 hydra zombies (Swamp:4)
  7 trolls
  A red devil (Depths:1)
  A death drake zombie (Crypt:2)
  4 polar bears
  13 hornets
  4 harpy skeletons (Crypt:3)
  A bloated husk (Swamp:4)
  12 tyrant leeches
  12 blink frogs
  3 alligator zombies (Swamp:4)
  A spectral swamp dragon (Swamp:4)
  4 dream sheep (Lair:5)
  12 slime creatures
  12 flying skulls
  An ettin skeleton (Crypt:3)
  54 yaks
  A yak (shapeshifter) (D:14)
  2 ynoxinuls (Depths:1)
  12 wyverns
  Eustachio (D:5)
  8 wraiths
  17 vampire mosquitoes
  2 black mamba skeletons
  6 basilisks
  5 shadows (Gauntlet)
  A chaos spawn (Depths:1)
  A hog (shapeshifter) (D:14)
  A human (D:14)
  A steam dragon (D:8)
  5 redbacks
  A neqoxec (Depths:1)
  2 harpy simulacra
  17 swamp worms
  9 wargs
  2 naga zombies (Crypt:3)
  4 acid dragons
  29 water moccasins
  A glowing shapeshifter skeleton (Crypt:2)
  A demonspawn skeleton (Crypt:3)
  A swamp drake (Swamp:1)
  8 ice beasts
  3 hornet zombies
  37 orc warriors
  A merfolk skeleton (Crypt:2)
  2 swamp dragon zombies (Swamp:4)
  2 black bears (D:6)
  A dream sheep zombie (Crypt:2)
  12 ogres
  A blink frog skeleton (Crypt:3)
  8 boggarts
  13 centaurs
  16 wolves
  A blink frog zombie (Crypt:1)
  7 phantoms
  2 kobold brigands
  A salamander zombie (Crypt:3)
  Blork the orc (D:4)
  6 bullfrogs
  5 necrophages
  9 scorpions
  A gnoll sergeant (D:5)
  A draconian skeleton (Crypt:2)
  20 wights
  12 killer bees
  A shapeshifter skeleton (Crypt:3)
  A warg skeleton (Crypt:1)
  3 howler monkeys
  A raiju skeleton (Crypt:2)
  An electric eel (Lair:3)
  2 centaur zombies
  20 orc priests
  A basilisk zombie (Crypt:3)
  A bullfrog skeleton (D:6)
  5 hounds
  Crazy Yiuf (D:4)
  A black bear zombie (Crypt:2)
  3 jellies
  A sleepcap (D:7)
  4 gnoll boudas
  An iguana (D:3)
  Natasha (thrice) (D:3)
  18 orc wizards
  2 spectral swamp drakes (Swamp:4)
  16 hell rats
  A sky beast zombie (Crypt:1)
  14 mummies
  An ogre skeleton (Crypt:1)
  A hound skeleton (Crypt:3)
  2 howler monkey skeletons (D:6)
  21 gnolls
  7 adders
  2 river rats (Sewer)
  2 swamp drake zombies (Swamp:4)
  A shadow imp (D:5)
  A white imp (D:7)
  An ufetubus (D:5)
  A worm (D:2)
  3 dart slugs
  89 orcs
  6 bats
  7 endoplasms
  11 giant cockroaches
  8 goblins
  7 hobgoblins
  11 jackals
  9 quokkas
  9 ball pythons
  4 frilled lizards
  A frilled lizard zombie (Crypt:2)
  A jackal zombie (Crypt:2)
  17 kobolds
  15 rats
  3 butterflies (D:7)
1332 creatures vanquished.

Vanquished Creatures (collateral kills)
  An eleionoma (Swamp:4)
  A hydra (Swamp:4)
  3 bog bodies (Swamp:4)
  A swamp worm zombie (Swamp:4)
  A spriggan (Swamp:4)
  A swamp worm (Swamp:4)
  2 wargs (Orc:2)
  2 orc warriors (Orc:2)
  2 orcs (Orc:2)
14 creatures vanquished.

Vanquished Creatures (others)
  A phantasmal warrior (Swamp:4)
  An ugly thing (D:15)
  A yaktaur (Vaults:2)
  A tengu conjurer (D:15)
  A tyrant leech (Swamp:1)
  3 bloated husks
  A spectral swamp dragon (Swamp:4)
  3 phantoms (Swamp:4)
  A swamp drake zombie (Swamp:4)
  6 foxfires (Swamp:1)
19 creatures vanquished.

Grand Total: 1365 creatures vanquished

Notes
Turn   | Place    | Note
-------+----------+-------------------------------------------
     0 | D:1      | jagang the Barachi Monk began the quest for the Orb.
     0 | D:1      | Reached XP level 1. HP: 18/18 MP: 1/1
     9 | D:1      | Noticed an ogre
   103 | D:1      | Reached XP level 2. HP: 14/25 MP: 2/2
   114 | D:1      | Reached skill level 4 in Long Blades
   245 | D:1      | Reached skill level 1 in Armour
   408 | D:1      | Reached XP level 3. HP: 30/30 MP: 3/3
  1432 | D:3      | Reached XP level 4. HP: 37/37 MP: 4/4
  1707 | D:3      | Found a snail-covered altar of Cheibriados.
  1794 | D:3      | Reached skill level 5 in Long Blades
  1816 | D:3      | Noticed Natasha
  1824 | D:3      | Reached XP level 5. HP: 42/43 MP: 5/5
  1838 | D:3      | Killed Natasha
  1944 | D:3      | Identified the +0 leather armour of the Orcish Mines
                  | {Rampage rC- Stlth+}
  1955 | D:3      | Noticed Natasha
  1960 | D:3      | Killed Natasha
  1994 | D:3      | Noticed Natasha
  2023 | D:3      | Killed Natasha
  2204 | D:4      | Reached XP level 6. HP: 20/50 MP: 6/6
  2275 | D:4      | Reached skill level 5 in Fighting
  2284 | D:4      | Reached skill level 6 in Long Blades
  2286 | D:4      | Found a hazy altar of Hepliaklqana.
  2303 | D:4      | Found a hide-covered altar of Uskayaw.
  2314 | D:4      | Identified the +0 pair of gloves "Jaonas" {Int+4 Dex-2
                  | Slay+3}
  2386 | D:4      | Found a glowing drain.
  2415 | Sewer    | Entered a sewer
  2914 | D:4      | Noticed Blork the orc
  2932 | D:4      | Killed Blork the orc
  3125 | D:4      | Found a runed translucent door.
  3126 | D:4      | Noticed Crazy Yiuf
  3141 | D:4      | Killed Crazy Yiuf
  3142 | D:4      | Reached XP level 7. HP: 9/56 MP: 7/7
  3385 | D:5      | Entered Level 5 of the Dungeon
  3445 | D:5      | Reached skill level 7 in Long Blades
  3760 | D:4      | Reached skill level 8 in Long Blades
  3760 | D:4      | Reached XP level 8. HP: 36/64 MP: 2/8
  3878 | D:4      | Reached skill level 1 in Throwing
  3907 | D:5      | Reached skill level 5 in Armour
  4551 | D:5      | Reached skill level 9 in Long Blades
  4795 | D:5      | Found a white marble altar of Elyvilon.
  4847 | D:6      | Noticed Maggie
  4875 | D:6      | Killed Maggie
  4876 | D:6      | Reached XP level 9. HP: 13/72 MP: 2/9
  5175 | D:6      | Reached skill level 10 in Long Blades
  5483 | D:6      | Noticed Eustachio
  5511 | D:5      | Killed Eustachio
  5965 | D:7      | Found a runed translucent door.
  5966 | D:7      | Found a runed translucent door.
  6034 | D:7      | Reached skill level 11 in Long Blades
  6210 | D:7      | Found a staircase to the Ecumenical Temple.
  6273 | Temple   | Entered the Ecumenical Temple
  6278 | Temple   | Became a worshipper of the Shining One
  6278 | Temple   | Reached * piety under the Shining One
  6278 | Temple   | Reached ** piety under the Shining One
  6396 | D:7      | Reached XP level 10. HP: 71/82 MP: 8/10
  6517 | D:7      | Reached skill level 5 in Throwing
  6589 | D:8      | Reached skill level 12 in Long Blades
  7159 | D:8      | Noticed Erica
  7171 | D:8      | Killed Erica
  7172 | D:8      | Reached skill level 1 in Invocations
  7172 | D:8      | Reached skill level 1 in Evocations
  7202 | D:8      | Found a sacrificial altar of Ru.
  7206 | D:8      | Found a broken altar of Ashenzari.
  7270 | D:8      | Noticed a two-headed ogre
  7292 | D:8      | Killed a two-headed ogre
  7293 | D:8      | Reached XP level 11. HP: 69/90 MP: 9/12
  7436 | D:8      | Reached skill level 13 in Long Blades
  7550 | D:8      | Found an iron altar of Okawaru.
  7654 | D:8      | Noticed a two-headed ogre
  7669 | D:8      | Killed a two-headed ogre
  7860 | D:9      | Noticed a two-headed ogre
  7865 | D:9      | Killed a two-headed ogre
  7866 | D:9      | Reached skill level 10 in Fighting
  8158 | D:9      | Reached *** piety under the Shining One
  8807 | D:10     | Entered Level 10 of the Dungeon
  8934 | D:10     | Reached **** piety under the Shining One
  8947 | D:10     | Reached skill level 14 in Long Blades
  9009 | D:10     | Found a staircase to the Orcish Mines.
  9024 | D:10     | Noticed Gastronok
  9064 | D:10     | Killed Gastronok
  9065 | D:10     | Reached skill level 10 in Armour
  9065 | D:10     | Reached XP level 12. HP: 18/99 MP: 2/14
  9146 | D:10     | Found a staircase to the Lair.
  9334 | D:10     | Reached skill level 5 in Evocations
  9842 | D:10     | Identified 4 scrolls of acquirement
  9843 | D:10     | Acquired a +4 scimitar of holy wrath
  9849 | D:11     | Acquired 1359 gold pieces
  9851 | D:11     | Acquired the ring of Quyroqeoza {*Slow +Blink rPois MP+9
                  | Dex+6}
  9852 | D:11     | Acquired a manual of Long Blades
  9902 | Lair:1   | Entered Level 1 of the Lair of Beasts
  9911 | Lair:1   | Reached skill level 15 in Long Blades
  9936 | Orc:1    | Entered Level 1 of the Orcish Mines
  9984 | Orc:1    | Found Falaefef's Jewellery Shoppe.
 10000 | Orc:1    | Bought the brooch of Shielding {Spirit SH+8} for 975 gold
                  | pieces
 10000 | Orc:1    | Found the brooch of Shielding {Spirit SH+8}
 10215 | Orc:1    | Paralysed by an orc sorcerer for 5 turns
 10222 | Orc:1    | Reached skill level 1 in Shields
 10222 | Orc:1    | Found Norix's Antique Weapon Shoppe.
 10228 | Orc:1    | Found Qaetur's Jewellery Boutique.
 10415 | Orc:2    | Entered Level 2 of the Orcish Mines
 10419 | Orc:2    | Found a gate leading to a gauntlet.
 10533 | Gauntlet | Entered a Gauntlet
 10533 | Gauntlet | Found a transporter.
 10535 | Gauntlet | Found a transporter.
 10536 | Gauntlet | Found a transporter.
 10537 | Gauntlet | Found a transporter.
 10537 | Gauntlet | Reached ***** piety under the Shining One
 10537 | Gauntlet | Noticed a dire elephant
 10540 | Gauntlet | Found a transporter.
 10541 | Gauntlet | Found a transporter.
 10549 | Gauntlet | Found a transporter.
 10550 | Gauntlet | Found a transporter.
 10552 | Gauntlet | Noticed a blizzard demon
 10597 | Gauntlet | Identified the ring "Ruxt" {rF+ SInv}
 10624 | Gauntlet | Reached skill level 16 in Long Blades
 10648 | Gauntlet | Identified the +0 pair of boots of Dyspraxia {Str+4}
 10674 | Gauntlet | Noticed a minotaur
 10686 | Gauntlet | Killed a minotaur
 10687 | Gauntlet | Reached skill level 5 in Invocations
 10932 | Orc:2    | HP: 1/100 [orc warrior/+0 glaive (11)]
 10932 | Orc:2    | The Shining One protects you from harm!
 10937 | Orc:2    | Noticed an orc high priest
 10943 | Orc:2    | Noticed a sun demon
 10952 | Orc:2    | Killed an orc high priest
 10963 | Orc:2    | Gained mutation: You can hop long distances. [Barachi
                  | growth]
 10963 | Orc:2    | Reached XP level 13. HP: 41/107 MP: 7/16
 11545 | Orc:2    | Reached skill level 17 in Long Blades
 11737 | Orc:2    | Found Xigymn's Jewellery Shop.
 11737 | Orc:2    | Found Heru's Antique Weapon Emporium.
 12151 | Orc:2    | Found a staircase to the Elven Halls.
 12284 | Orc:2    | Found Towam's Distillery.
 12284 | Orc:2    | Found Zamepn's Assorted Antiques.
 12296 | Orc:2    | Bought 2 potions of curing for 72 gold pieces
 12296 | Orc:2    | Bought a potion of attraction for 36 gold pieces
 12296 | Orc:2    | Bought a potion of degeneration for 12 gold pieces
 12296 | Orc:2    | Bought a potion of curing for 36 gold pieces
 12296 | Orc:2    | Bought a potion of curing for 36 gold pieces
 12296 | Orc:2    | Bought a potion of brilliance for 48 gold pieces
 12296 | Orc:2    | Bought a potion of invisibility for 96 gold pieces
 12296 | Orc:2    | Bought a potion of resistance for 120 gold pieces
 12296 | Orc:2    | Bought a potion of flight for 36 gold pieces
 12380 | Orc:2    | Bought an embroidered cloak for 165 gold pieces
 12380 | Orc:2    | Bought a pitted plate armour for 616 gold pieces
 12380 | Orc:2    | Identified the +0 plate armour "Bukienir" {rPois rCorr
                  | Slay+5} (You bought it in a shop on level 2 of the Orcish
                  | Mines)
 12635 | D:11     | Reached skill level 18 in Long Blades
 12675 | D:11     | Noticed Harold
 12687 | D:11     | Killed Harold
 12900 | D:11     | Noticed Sonja
 12902 | D:11     | Killed Sonja
 13193 | D:11     | Noticed Nergalle
 13198 | D:11     | Killed Nergalle
 13199 | D:11     | Reached skill level 5 in Shields
 13311 | D:12     | Reached ****** piety under the Shining One
 13506 | D:12     | HP: 2/109 [skeletal warrior/+0 glaive (9)]
 13507 | D:12     | The Shining One protects you from harm!
 13510 | D:12     | The Shining One protects you from harm!
 13510 | D:12     | The Shining One protects you from harm!
 13929 | D:13     | Reached skill level 19 in Long Blades
 13962 | D:13     | Reached XP level 14. HP: 108/116 MP: 18/18
 14195 | D:13     | Found a runed translucent gate.
 14195 | D:13     | Found a runed translucent gate.
 14195 | D:13     | Found an opulent altar of Gozag.
 14195 | D:13     | Found a runed translucent gate.
 14196 | D:13     | Noticed HilariousDeathArtist's ghost (journeyman VSBe)
 14222 | D:13     | Killed HilariousDeathArtist's ghost
 15081 | D:14     | Found a gate to the Vaults.
 15094 | D:14     | Reached skill level 20 in Long Blades
 15654 | D:14     | Reached skill level 5 in Dodging
 15810 | D:15     | Entered Level 15 of the Dungeon
 16086 | D:15     | Reached XP level 15. HP: 123/124 MP: 20/20
 16176 | D:15     | HP: 6/124 [wolf spider (6)]
 16180 | D:15     | Found a staircase to the Depths.
 16579 | D:15     | Reached skill level 21 in Long Blades
 18855 | Lair:2   | Found a transporter.
 19245 | Lair:2   | Identified the +0 robe of the Nexus {rC+}
 19352 | Lair:2   | Found a transporter.
 19575 | Lair:2   | Found a blossoming altar of Fedhas.
 19933 | Lair:2   | Identified the +1 pair of gloves "Uzazumel" {Str-2 Dex+3
                  | Slay+2 SInv}
 20256 | Lair:3   | Found a staircase to the Swamp.
 20352 | Lair:3   | Found a staircase to the Snake Pit.
 20799 | Lair:3   | Found a snail-covered altar of Cheibriados.
 20867 | Lair:3   | Acquired the +15 Maxwell's patent armour {-Cast -Tele rElec
                  | Will+ rCorr}
 20867 | Lair:3   | Found the +15 Maxwell's patent armour {-Cast -Tele rElec
                  | Will+ rCorr}
 21306 | Lair:4   | Reached XP level 16. HP: 134/134 MP: 22/22
 21768 | Lair:4   | Reached skill level 22 in Long Blades
 21904 | Lair:4   | Identified the +1 pair of gloves of Ixach {Rampage Int+4}
 22044 | Lair:4   | Found a staircase to the Slime Pits.
 22427 | Lair:5   | Entered Level 5 of the Lair of Beasts
 22657 | Lair:1   | Gained mutation: You are covered in fur. (AC +1) [potion of
                  | mutation]
 22657 | Lair:1   | Gained mutation: You are dopey. (Int -2) [potion of
                  | mutation]
 22657 | Lair:1   | Gained mutation: You expend magic power (3 MP) to
                  | strengthen your wands. [potion of mutation]
 22658 | Lair:1   | Lost mutation: You are dopey. (Int -2) [potion of mutation]
 22658 | Lair:1   | Lost mutation: You are covered in fur. (AC +1) [potion of
                  | mutation]
 22658 | Lair:1   | Gained mutation: A frigid envelope surrounds you and
                  | freezes all who hurt you. [potion of mutation]
 22658 | Lair:1   | Gained mutation: Your system is resistant to poisons.
                  | (rPois) [potion of mutation]
 22658 | Lair:1   | Gained mutation: You are strong-willed. (Will+) [potion of
                  | mutation]
 22762 | Lair:5   | Found a runed translucent door.
 23354 | Lair:5   | Reached skill level 15 in Fighting
 23952 | Swamp:1  | Entered Level 1 of the Swamp
 23954 | Swamp:1  | Identified Roxanne's Quarto of Transfiguration
 23954 | Swamp:1  | Noticed Roxanne
 24025 | Swamp:1  | Killed Roxanne
 24264 | Swamp:1  | Reached skill level 10 in Shields
 24264 | Swamp:1  | Reached XP level 17. HP: 142/142 MP: 24/24
 24487 | Swamp:1  | Noticed Jorgrun
 24496 | Swamp:1  | Killed Jorgrun
 24499 | Swamp:1  | Found a sacrificial altar of Ru.
 24506 | Swamp:1  | Identified the +3 chain mail of Wueqod {rPois MP-9 Slay+5
                  | Stlth+}
 24789 | Swamp:2  | Reached skill level 15 in Armour
 25075 | Swamp:2  | Reached skill level 10 in Invocations
 25420 | Swamp:3  | Identified the +5 dagger "Tinyras" {pain, Fragile rF+ Int+6
                  | Dex+2}
 26121 | Swamp:4  | Entered Level 4 of the Swamp
 26180 | Swamp:4  | Reached skill level 10 in Dodging
 26516 | Swamp:4  | Noticed eliilek's ghost (adept MiFi)
 26521 | Swamp:4  | Found a runed translucent door.
 26557 | Swamp:4  | Killed eliilek's ghost
 26630 | Swamp:4  | Identified the +5 glaive of Lusting Peril {heavy, Fly Str+4
                  | Dex-5}
 26899 | Swamp:4  | Noticed a bone dragon
 26914 | Swamp:4  | Killed a bone dragon
 26984 | Swamp:4  | Got a decaying rune of Zot
 27442 | Vaults:1 | Entered Level 1 of the Vaults
 27630 | Vaults:1 | Reached XP level 18. HP: 113/153 MP: 25/25
 28297 | Vaults:1 | Found Eterpheb's Armour Boutique.
 28599 | Vaults:2 | Noticed Zenata
 29436 | Vaults:2 | Killed Zenata
 29781 | Vaults:2 | Identified the +1 robe of the Quahog {rC+ Dex+3}
 29998 | Vaults:2 | Found a staircase to the Crypt.
 30344 | Crypt:1  | Entered Level 1 of the Crypt
 30748 | Crypt:1  | Reached XP level 19. HP: 161/161 MP: 27/27
 30889 | Crypt:1  | Noticed Khufu
 30891 | Crypt:1  | Noticed a royal mummy
 30907 | Crypt:1  | Killed Khufu
 30913 | Crypt:1  | Killed a royal mummy
 31382 | Crypt:2  | Identified the +8 spear of Demand {protect, rElec Stlth+}
 31839 | Crypt:2  | Found a basalt altar of Yredelemnul.
 32137 | Crypt:3  | Entered Level 3 of the Crypt
 32345 | Orc:1    | Bought a +6 ring of dexterity for 432 gold pieces
 32380 | Orc:1    | Bought a +6 ring of dexterity for 540 gold pieces
 32380 | Orc:1    | Bought the amulet of Quunoik {rC+ Regen+ rCorr} for 744
                  | gold pieces
 32710 | Crypt:3  | Reached skill level 23 in Long Blades
 32785 | Crypt:3  | Identified the amulet "Fusy" {Faith rElec Dex+2 Stlth+}
 33009 | Crypt:3  | Found a staircase to the Tomb.
 33194 | Crypt:3  | Reached XP level 20. HP: 172/172 MP: 28/28
 33217 | Crypt:3  | Found a basalt altar of Yredelemnul.
 33266 | Crypt:3  | Got the Textbook on the Grave
 33273 | Crypt:3  | Noticed a bone dragon
 33290 | Crypt:3  | Killed a bone dragon
 33294 | Crypt:3  | Noticed a bone dragon
 33316 | Crypt:3  | Killed a bone dragon
 33579 | Crypt:3  | Noticed a dread lich
 33600 | Crypt:3  | Killed a dread lich
 33796 | Crypt:3  | Identified the ring "Lyalosm" {rElec rF+ Str+3}
 34092 | Tomb:1   | Entered Level 1 of the Tomb of the Ancients
 34369 | Depths:1 | Entered Level 1 of the Depths
 35136 | Depths:1 | Found a hazy altar of Hepliaklqana.
 35303 | Depths:1 | Gained mutation: You are vulnerable to heat. (rF-) [a
                  | cacodemon]
 35307 | Depths:1 | Gained mutation: You are occasionally teleported next to
                  | monsters. [a cacodemon]
 35311 | Depths:1 | Gained mutation: Your flesh is cold resistant. (rC+) [a
                  | neqoxec]
 35355 | Depths:1 | Found a gateway to Hell.
 35434 | Depths:1 | Reached XP level 21. HP: 183/183 MP: 30/30
 35788 | Depths:1 | Found a one-way gate leading to the halls of Pandemonium.
 35896 | Depths:1 | Found a hide-covered altar of Uskayaw.
 36157 | Hell     | Entered the Vestibule of Hell
 36157 | Hell     | Noticed Geryon
 36214 | Depths:1 | Killed from afar by a hellephant

Illustrated notes

Levels and vault maps discovered:
D:1:      evilmike_arrival_come_back, layout_basic, minmay_pentomino_x4
D:2:      layout_loops_ring
D:3:      layout_rooms, kennysheep_slug_shrine, serial_bayou,
          serial_bayou_pond_e, serial_bayou_pond_c, serial_bayou_shore_b,
          serial_bayou_lagoon_a, uniq_natasha
D:4:      layout_loops_ring, mainiacjoe_overflow_large_starburst,
          portal_sewer_entry_f, uniq_crazy_yiuf_cottage, uniq_blork_the_orc
D:5:      layout_loops_cross, mainiacjoe_overflow_alcove_2
D:6:      layout_cave_pools, serial_undead, serial_undead_a, serial_undead_a,
          serial_undead_a, serial_undead_b, uniq_maggie, uniq_eustachio
D:7:      lemuel_insect_pit, layout_rooms, minmay_temple_entry_stoned_glass,
          nicolae_kite_square_tiling_tiny
D:8:      layout_loops_ring, chequers_temple_overflow_statue_of_worship,
          kennysheep_mini_moat, special_room [special_room_orc], nicolae_wwwww,
          uniq_erica
D:9:      layout_stronghold
D:10:     layout_basic, hellmonk_lair_entry_icy, david_orc_2, enter_bailey_2,
          hangedman_decor_lopped, uniq_gastronok
D:11:     layout_loops_ring, uniq_harold, uniq_nergalle, uniq_sonja
D:12:     layout_rooms, hangedman_decor_points, minmay_fountain_box
D:13:     layout_long_grid, ebering_ghost_gozag
D:14:     layout_rooms, erik_vaults_2, kennysheep_path_1, grunt_livestock
D:15:     hangedman_depths_entry_try_elsewhere_first, layout_loops_ring
Temple:   minmay_freezing_vapour_temple
Lair:1:   layout_cave_pods, beast_lair_carwin_3
Lair:2:   gammafunk_cloud_chamber, layout_regular_city, hangedman_tree_tricks
Lair:3:   layout_regular_city, nicolae_swamp_entry_splash_gauntlet,
          minmay_snake_entry_six_corridors, basic_altar
Lair:4:   layout_cave_pods, minmay_slime_entry_oklob_enclosed, st_stairs_11,
          grunt_megastairs_4, infiniplex_staircase_pool
Lair:5:   hangedman_lair_tendril_chambers, layout_regular_city, wormcave
Swamp:1:  layout_falls_marsh, lemuel_altar_in_water, st_swamp_ruins_4,
          uniq_roxanne, uniq_jorgrun
Swamp:2:  layout_basic_swamp, evilmike_swamp_ruin_house_6, swamp_pool5
Swamp:3:  layout_basic_swamp, evilmike_swamp_ruin_house_2, swamp_pool1
Swamp:4:  swamp_pestilence, layout_basic_swamp, hellmonk_ghost_happy_afterlife,
          swamp_pool1
Orc:1:    layout_caves, basic_altar, serial_shops,
          nicolae_shop_tiny_statue_garden, shop, nicolae_shop_stone,
          mines3_lemuel
Orc:2:    st_orc_town, layout_caves, gauntlet_entry_generic, minmay_orc_temple_c
Vaults:1: nicolae_vaults_rhombus_6, nicolae_vaults_trapezoid_lopsided_4,
          nicolae_vaults_little_squares_4, v_rooms_4, ontoclasm_vaults_idyll,
          v_misc_29, nicolae_vaults_rhombus_6, ontoclasm_vaults_pinch,
          nicolae_vaults_taking_the_gang_shopping, nicolae_vaults_tetromino_Z_1,
          vaults_dpeg_encased_lava, layout_vaults_omnigrid
Vaults:2: nicolae_vaults_minivaults, nicolae_vaults_hallways_thing,
          hangedman_vaults_pinch, v_misc_32, ontoclasm_vaults_ligature,
          nicolae_vaults_closet_pinwheel_1, nicolae_vaults_diamond_2,
          nicolae_vaults_storage_closets_2, ontoclasm_vaults_chip,
          nicolae_vaults_trapezoid_2, layout_vaults_chaotic_city, uniq_margery,
          uniq_zenata
Crypt:1:  layout_misc_corridors, uniq_khufu
Crypt:2:  layout_gridlike, basic_altar, corexii_leaking_fountain,
          grunt_megastairs_1
Crypt:3:  church_of_pain_bobbens, layout_chaotic_city,
          nicolae_tomb_entry_unfolded_pyramid_orthogonal, corner_web_ring,
          nicolae_crypt_little_mausoleum
Tomb:1
Depths:1: layout_honeycomb, nicolae_uskayaw_suspiria,
          grunt_hell_entry_demonic_statue, pan_entry, kennysheep_small_spiral,
          grunt_decor_resistance, amcnicky_mini_corridor_feature,
          dk_noncrumbling_2, serial_sigils_hangedman_gnaw,
          minmay_misc_feat_diagonals, st_stairs_7, minivault_1,
          serial_bayou_pond_d, minmay_stone_trees_small,
          nicolae_hepliaklqana_hippocampus
Hell

Skill      XL: |  1  2  3  4  5  6  7  8  9 10 11 12 13 14 15 16 17 18 19 20 |
---------------+-------------------------------------------------------------+-----
Long Blades    | 4 5 6 8 9 11 12 14 16 19 20 21 22 23 | 23.0
Armour         | 1 2 3 4 6 7 8 10 11 12 13 14 16 17 18 | 18.5
Fighting       | 4 5 6 7 8 9 10 11 12 13 14 15 16 17 18 20 | 20.2
Dodging        | 4 5 7 8 10 12 13 | 13.8
Throwing       | 2 4 5 6 7 |  7.7
Invocations    | 1 3 5 6 7 8 9 10 11 12 | 12.7
Evocations     | 1 4 5 6 8 |  8.7
Shields        | 3 5 7 8 10 11 12 13 14 | 14.5

Action                     |  1- 3 |  4- 6 |  7- 9 | 10-12 | 13-15 | 16-18 | 19-21 || total
---------------------------+-------+-------+-------+-------+-------+-------+-------++-------
  Melee: Falchion          |   109 |   211 |   229 |       |       |       |       ||   549
         Long sword        |       |       |    85 |       |       |       |       ||    85
         Great sword       |       |       |    26 |   420 |   574 |   238 |       ||  1258
         Scimitar          |       |       |       |     7 |    15 |   815 |   841 ||  1678
         Punch             |       |       |       |       |     1 |       |       ||     1
  Throw: Dart              |       |     1 |     5 |    34 |    43 |    23 |     6 ||   112
         Boomerang         |       |       |       |    41 |    16 |       |       ||    57
         Javelin           |       |       |       |     4 |    37 |    15 |    11 ||    67
 Invoke: Cleansing Flame   |       |       |       |       |     1 |    14 |    12 ||    27
         Summon Divine War |       |       |       |       |       |     1 |       ||     1
         Divine Shield     |       |       |       |       |       |     1 |       ||     1
Ability: Hop               |       |     2 |       |     7 |    12 |     7 |     1 ||    29
         Evoke Blink       |       |       |       |       |     1 |       |       ||     1
  Evoke: Wand              |       |     1 |     5 |     4 |     1 |       |     4 ||    15
         Lightning rod     |       |       |       |     2 |       |       |     1 ||     3
    Use: Scroll            |     1 |     6 |     6 |    11 |    11 |     9 |     1 ||    45
         Potion            |       |     1 |       |     7 |     7 |     4 |       ||    19
 Armour: Robe              |     5 |       |       |       |       |       |       ||     5
         Chain mail        |    29 |   144 |   304 |    77 |       |       |       ||   554
         Scale mail        |     6 |       |       |       |       |       |       ||     6
         Plate armour      |       |       |       |   265 |   416 |   625 |   276 ||  1582
  Dodge: Dodged            |    46 |   100 |   184 |   114 |   253 |   295 |   161 ||  1153
  Block: Other             |       |       |       |    27 |   248 |    98 |       ||   373
         Tower shield      |       |       |       |       |       |  1313 |  1121 ||  2434
